 Dungeon Crawl Stone Soup version 0.17-a0-1020-ge683cc4 (console) character file.

93 Monkaria the Skirmisher (level 4, 0/39 HPs)
             Began as a Demonspawn Chaos Knight on May 16, 2015.
             Slain by an adder (1 damage)
             ... on level 2 of the Dungeon.
             The game lasted 00:01:53 (1781 turns).

Monkaria the Skirmisher (Demonspawn Chaos Knight)   Turns: 1781, Time: 00:01:53

Health: 0/39       AC:  6    Str: 14    XL:     4   Next: 37%
Magic:  4/4        EV: 11    Int: 13    God:    Xom [...*..]
Gold:   51         SH:  0    Dex: 12    Spells: 0 memorised, 3 levels left

rFire  . . .     SeeInvis .     a - +0 falchion (chaos)
rCold  . . .     Clarity  .     b - +2 leather armour
rNeg   . . .     SustAb   .     (no shield)
rPois  .         Gourm    .     (no helmet)
rElec  .         Spirit   .     (no cloak)
rCorr  .         Warding  .     (no gloves)
rMut   .         Stasis   .     (no boots)
MR     .....                    (no amulet)
Stlth  +.........               (no ring)
                                (no ring)

@: lethally poisoned (0 -> -6), flying, not resistant to hostile enchantments,
very unstealthy
A: icy blue scales 1, powered by pain 1, rot immunity
a: Renounce Religion


You were on level 2 of the Dungeon.
You worshipped Xom.
You were a favourite toy of Xom.
You were not hungry.

You visited 1 branch of the dungeon, and saw 2 of its levels.

You collected 51 gold pieces.

Inventory:

Hand weapons
 a - a +0 falchion of chaos (weapon)
Armour
 b - a +2 leather armour (worn)
Scrolls
 d - 2 scrolls of identify {unknown}
 f - 2 scrolls of fog {unknown}
 g - a scroll of remove curse {unknown}
 h - a scroll of recharging {unknown}
Comestibles
 c - a bread ration
 j - 2 meat rations


   Skills:
 - Level 5.0 Fighting
 + Level 3.0 Long Blades
 - Level 1.7 Armour
 - Level 0.8 Dodging


You had 3 spell levels left.
You didn't know any spells.

Dungeon Overview and Level Annotations

Branches:
Dungeon (2/15)

Altars:


Innate Abilities, Weirdness & Mutations

You are partially covered in icy blue scales (AC +1).
You sometimes gain a little power by taking damage.
You are immune to rotting.


Message History

Xom thinks this is hilarious!
* * * LOW HITPOINT WARNING * * *
You feel sick. Something bites you but does no damage.
Drink which item? (? for menu, Esc to quit)
It was a potion of flight.
You feel very buoyant.
You fly up into the air.
* * * LOW HITPOINT WARNING * * *
You feel sick. Something bites you but does no damage.
You completely miss something. Something bites you but does no damage.
Something bites you but does no damage.
You closely miss something.
* * * LOW HITPOINT WARNING * * *
You feel sick. Something bites you.
* * * LOW HITPOINT WARNING * * *
You barely miss something.
* * * LOW HITPOINT WARNING * * *
You feel sick. Something bites you.
You die... "It was about time."

####.#.### ##.......## ##..#.##§
####....####.........####...#.##§
...........+.........+........##§
####....####.........####...#.##§
# #.#.## #.......# ##....§§. #
#.### #.....# ####§### # #.#
#.g.# ##.# # #.# #{# #§.# # ...
#@# #.## .. #######.####### #§#
.........§§...# #§#
###.##...####.#####§# #.....#
#.§§§§§.# ##...## ######### ##.##
#.# #.#


You could see a goblin.

Vanquished Creatures
  Natasha (thrice) (D:2)
  An adder (D:2)
  2 oozes (D:2)
  6 bats
  3 giant cockroaches
  6 hobgoblins
  A kobold (D:1)
  A ball python (D:2)
  8 giant newts
  9 goblins
  4 rats (D:1)
44 creatures vanquished.

Vanquished Creatures (collateral kills)
  A goblin (D:2)
1 creature vanquished.

Grand Total: 45 creatures vanquished

Notes
Turn   | Place    | Note
--------------------------------------------------------------
     0 | D:1      | Monkaria the Demonspawn Chaos Knight began the quest for the Orb.
     0 | D:1      | Reached XP level 1. HP: 18/18 MP: 1/1
    31 | D:1      | XOM: harmless Pois miscast
   246 | D:1      | XOM: divination: detect creatures
   295 | D:1      | Gained mutation: You are partially covered in icy blue scales (AC +1). [demonic ancestry]
   295 | D:1      | Reached XP level 2. HP: 24/24 MP: 2/2
   329 | D:1      | XOM: divination: magic mapping
   443 | D:1      | Reached skill level 4 in Fighting
   979 | D:2      | Noticed Natasha
   979 | D:2      | XOM: harmless Chrm miscast
   986 | D:2      | Killed Natasha
   986 | D:2      | Gained mutation: You sometimes gain a little power by taking damage. [demonic ancestry]
   986 | D:2      | Reached XP level 3. HP: 22/31 MP: 3/3
  1149 | D:2      | Noticed Sigmund
  1149 | D:2      | Noticed Sigmund
  1149 | D:2      | Sigmund changed into Sigmund the ooze
  1149 | D:2      | XOM: polymorph Sigmund -> Sigmund the ooze
  1161 | D:2      | Killed Sigmund the ooze
  1162 | D:2      | Noticed Natasha
  1170 | D:2      | Killed Natasha
  1170 | D:2      | Gained mutation: You are immune to rotting. [demonic ancestry]
  1170 | D:2      | Reached XP level 4. HP: 10/38 MP: 4/4
  1182 | D:2      | Noticed Natasha
  1182 | D:2      | XOM: summons 4 friendly demons
  1184 | D:2      | Killed Natasha
  1424 | D:2      | Reached skill level 5 in Fighting
  1717 | D:2      | XOM: colour smoke trail
  1781 | D:2      | HP: 1/39 [poisoned by an adder]
  1781 | D:2      | Slain by an adder

Vault maps used:
D:1:      nicolae_arrival_washed_ashore, minmay_newt_pond
D:2:      uniq_sigmund, uniq_natasha

Action                   |  1- 3 |  4- 6 || total
-------------------------+-------+-------++-------
Melee: Falchion          |    79 |    49 ||   128
  Use: Potion            |       |     2 ||     2
 Stab: Petrifying        |     1 |       ||     1
       Petrified         |     1 |       ||     1
  Eat: Chunk             |     1 |     2 ||     3
